 Dungeon Crawl Stone Soup version 0.29.0-15-g675c0067aa (webtiles) character file.

Game seed: 9861217360151535904

3 qw the Sneak (level 1, 0/14 HPs)
             Began as a Gargoyle Delver on Sept 11, 2022.
             Slain by a scorpion (4 damage)
             ... on level 4 of the Dungeon.
             The game lasted 00:00:07 (122 turns).

qw the Sneak (Gargoyle Delver)                       Turns: 122, Time: 00:00:08

Health: 0/14       AC:  5    Str: 15    XL:     1   Next: 50%
Magic:  1/1        EV: 11    Int: 10    God:
Gold:   24         SH:  0    Dex: 11    Spells: 0/0 levels left

rFire   . . .      SeeInvis .   a - +0 hand axe
rCold   . . .      Faith    .   (no shield)
rNeg    + . .      Spirit   .   b - +0 leather armour
rPois   inf        Reflect  .   (no helmet)
rElec   +          Harm     .   (no cloak)
rCorr   .          Rampage  .   (no gloves)
Will    .....                   (no boots)
Stlth   +++.......              (no amulet)
HPRegen 0.04/turn               (no ring)
MPRegen 0.07/turn               (no ring)

@: no status effects
A: sickness immunity, AC +2, negative energy resistance 1, electricity
resistance, torment resistance 1, petrification resistance
a: no special abilities


You were on level 4 of the Dungeon.
You visited 1 branch of the dungeon, and saw 2 of its levels.

You collected 24 gold pieces.


Innate Abilities, Weirdness & Mutations

You are immune to sickness and miasma.
Your stone body is resilient. (AC +2)
You are immune to poison.
You resist negative energy. (rN+)
You are resistant to electric shocks. (rElec)
You are resistant to unholy torment.
You are immune to petrification.


   Skills:
 - Level 3.2 Fighting
 + Level 2.1 Axes
 - Level 1.5 Dodging
 - Level 5.4 Stealth


You couldn't memorise any spells.
You didn't know any spells.
Your spell library was empty.

Inventory:

Hand Weapons
 a - a +0 hand axe (weapon)
 h - a +0 club
Armour
 b - a +0 leather armour (worn)
Wands
 g - a wand of digging (3)
Potions
 f - a potion of haste

Dungeon Overview and Level Annotations

Branches:
Dungeon (5/15)
 Temple: D:4-7

Altars:

Shops:
D:5 (


Message History

Assign waypoint to what number? (0-9, D - delete waypoint) Waypoint 1 assigned to D:4.
Found an escape hatch in the ceiling.
You now have 11 gold pieces.
Found a trident and a dagger.
There is an escape hatch in the ceiling here.
An endoplasm comes into view.
67 ||| Stepping ~*~*~tactically~*~*~ (stealth).
An endoplasm and a ball python come into view.
Found a stone staircase leading down.
75 ||| Stepping ~*~*~tactically~*~*~ (stealth).
The ball python hisses angrily.
80 ||| Stepping ~*~*~tactically~*~*~ (stealth).
82 ||| Stepping ~*~*~tactically~*~*~ (stealth).
You hit the ball python.
You kill the ball python!
Found 13 gold pieces.
88 ||| Stepping ~*~*~tactically~*~*~ (stealth).
An endoplasm is nearby!
90 ||| Stepping ~*~*~tactically~*~*~ (stealth).
91 ||| Stepping ~*~*~tactically~*~*~ (stealth).
92 ||| Stepping ~*~*~tactically~*~*~ (stealth).
A black bear comes into view.
Found 8 gold pieces.
95 ||| Stepping ~*~*~tactically~*~*~ (stealth).
A black bear is nearby!
97 ||| Stepping ~*~*~tactically~*~*~ (stealth).
You see here 13 gold pieces.
A black bear is nearby!
105 ||| Stepping ~*~*~tactically~*~*~ (stealth).
You now have 24 gold pieces (gained 13).
108 ||| Stepping ~*~*~tactically~*~*~ (stealth).
A scorpion comes into view.
You barely miss the scorpion. The scorpion closely misses you.
You completely miss the scorpion. The scorpion stings you.
You barely miss the scorpion. The scorpion stings you. x2
You die...

.. #.# #.# #.#
#.### #..$ #.s# ..
#.@####..#
######........#
#........>....#
...##.#.##........#
..............#.#.#
#####.#.##..#...# #
#.#.##..#..##.###
#.#.##...........
#.#....##........


You could see a scorpion.

Vanquished Creatures
  An orc (D:5)
  A ball python (D:4)
2 creatures vanquished.

Notes
Turn   | Place    | Note
-------+----------+-------------------------------------------
     0 | D:5      | qw the Gargoyle Delver began the quest for the Orb.
     0 | D:5      | Reached XP level 1. HP: 14/14 MP: 1/1
     0 | D:5      | 0 ||| qw: Version: 0.1-a-118-gb4e7ce6
     0 | D:5      | 0 ||| qw: Game counter: 10278
     0 | D:5      | 0 ||| qw: Always use a shield: true
     0 | D:5      | 0 ||| qw: God list: Okawaru
     0 | D:5      | 0 ||| qw: Allow faded altars: false
     0 | D:5      | 0 ||| qw: Do Orc after D:15 true
     0 | D:5      | 0 ||| qw: Do second Lair branch before Depths: true
     0 | D:5      | 0 ||| qw: Lair rune preference: random
     0 | D:5      | 0 ||| qw: Plans: Normal
     0 | D:5      | 0 ||| PLANNING D:1-11
    30 | D:5      | Found Jamyahof's Weapon Shop.
    37 | D:5      | 37 ||| SHOPLISTING +0 mace (33 gold, have 0).
    42 | D:5      | 42 ||| DROPPING scroll of fog.
    43 | D:5      | 43 ||| DROPPING scroll of magic mapping.
    44 | D:5      | 44 ||| DROPPING scroll of fear.
    67 | D:4      | 67 ||| Stepping ~*~*~tactically~*~*~ (stealth).
    75 | D:4      | 75 ||| Stepping ~*~*~tactically~*~*~ (stealth).
    80 | D:4      | 80 ||| Stepping ~*~*~tactically~*~*~ (stealth).
    82 | D:4      | 82 ||| Stepping ~*~*~tactically~*~*~ (stealth).
    88 | D:4      | 88 ||| Stepping ~*~*~tactically~*~*~ (stealth).
    90 | D:4      | 90 ||| Stepping ~*~*~tactically~*~*~ (stealth).
    91 | D:4      | 91 ||| Stepping ~*~*~tactically~*~*~ (stealth).
    92 | D:4      | 92 ||| Stepping ~*~*~tactically~*~*~ (stealth).
    94 | D:4      | Noticed a black bear
    95 | D:4      | 95 ||| Stepping ~*~*~tactically~*~*~ (stealth).
    97 | D:4      | 97 ||| Stepping ~*~*~tactically~*~*~ (stealth).
   105 | D:4      | 105 ||| Stepping ~*~*~tactically~*~*~ (stealth).
   108 | D:4      | 108 ||| Stepping ~*~*~tactically~*~*~ (stealth).
   114 | D:4      | Noticed a scorpion
   122 | D:4      | Slain by a scorpion

Levels and vault maps discovered:
D:4:      layout_loops_ring
D:5:      layout_loops_corners, nzn_hepliaklqana_mist_gate,
          minmay_temple_entry_large_hall, serial_shops, nicolae_shop_waterfront,
          nicolae_diamond_shop, shop_fountains, shop

Skill      XL: |  1 |
---------------+----+-----
Axes           | 2 |  2.1
Fighting       | |  3.2
Dodging        | |  1.5
Stealth        | |  5.4

Action                   || total
-------------------------++-------
Melee: Hand axe          ||     7
Armor: Leather armour    ||     1
Dodge: Dodged            ||     2

Table legend:
 A = Non-vault XP
 B = Vault XP
 C = Vault XP percentage of total XP
 D = Non-vault monster count
 E = Vault monster count
 F = Vault count percentage of total count
                 A         B        C        D         E       F
            +---------+---------+-------+---------+---------+-------
      Total |       5 |       0 |   0.0 |       2 |       0 |   0.0
            +---------+---------+-------+---------+---------+-------
        D:4 |       2 |       0 |   0.0 |       1 |       0 |   0.0
        D:5 |       3 |       0 |   0.0 |       1 |       0 |   0.0
            +---------+---------+-------+---------+---------+-------
